 Dungeon Crawl Stone Soup version 0.31-a0-1168-gf5c68a8 (webtiles) character file.

Game seed: 10398110381126831436

67649 Kearsarge the Skinwalker (level 15, 0/119 HPs)
             Began as a Merfolk Fighter on Dec 9, 2023.
             Was an Initiate of Gozag.
             Slain by an orc knight
             ... wielding a +0 war axe
              (4 damage)
             ... while paralysed by an orc sorcerer
             ... on level 2 of the Orcish Mines.
             The game lasted 00:36:30 (20590 turns).

Kearsarge the Skinwalker (Merfolk Fighter)         Turns: 20590, Time: 00:36:30

Health: 0/119      AC: 12    Str: 22    XL:     15   Next: 23%
Magic:  0/15       EV:  2    Int:  7    God:    Gozag
Gold:   5374       SH:  0    Dex: 19    Spells: 14/14 levels left

rFire   + .          .
                       - Unarmed
rCold   . . .        c - melded +0 buckler
rNeg    + + .        l - melded +3 chain mail {rF+}
rPois   ∞            G - melded +2 helmet
rElec   +            e - melded +1 cloak {rCorr}
rCorr   .            x - melded +0 pair of gloves
SInv    .            B - melded +0 pair of boots
Will    +....        d - amulet of Pride {Spirit +Inv rN+ Dex+3 Stlth-}
Stlth   +            n - ring of protection from fire
HPRegen 0.39/turn    a - ring of positive energy
MPRegen 0.14/turn

%: guardian spirit
@: paralysed, storm-form, gold aura, blinkbolt cooldown, flying, studying Ranged
Weapons
A: cleaving, insubstantial, flying, (nimble swimmer 2), (mertail)
a: Blinkbolt, Begin Untransformation, Renounce Religion, Evoke Invisibility,
Potion Petition, Call Merchant, Bribe Branch


You were on level 2 of the Orcish Mines.
You worshipped Gozag.
Gozag was greatly pleased with you.
You were a lightning-filled tempest!
You visited 4 branches of the dungeon, and saw 20 of its levels.
You also visited: Bailey.

You collected 7196 gold pieces.
You spent 509 gold pieces at shops.
You paid 1313 gold pieces to Gozag.

Inventory:

Missiles
 C - 2 throwing nets
Armour
 c - a +0 buckler (melded)
 e - a +1 cloak of preservation (melded)
 l - a +3 chain mail of fire resistance (melded)
 x - a +0 pair of gloves (melded)
 B - a +0 pair of boots (melded)
 G - a +2 helmet (melded)
Jewellery
 a - a ring of positive energy (right fist)
 d - the amulet of Pride (around neck) {Spirit +Inv rN+ Dex+3 Stlth-}
   (You found it on level 4 of the Dungeon)

   [amulet of guardian spirit]

   Spirit:    It causes incoming damage to be divided between your reserves of
   health and magic.
   Dex+3:     It affects your dexterity (+3).
   rN+:       It protects you from negative energy.
   +Inv:      It lets you turn invisible.
   Stlth-:    It makes you less stealthy.
 n - a ring of protection from fire (left fist)
Talismans
 b - a storm talisman (active)
Wands
 o - a wand of flame (4)
 w - a wand of mindburst (16)
 D - a wand of charming (7)
 K - a wand of roots (4)
Scrolls
 g - 3 scrolls of teleportation
 h - 2 scrolls of vulnerability
 k - a scroll of amnesia
 t - 2 scrolls of fog
 E - a scroll of noise {unknown}
 I - 4 scrolls of revelation
 L - 5 scrolls of identify
Potions
 f - 2 potions of haste
 i - a potion of cancellation {unknown}
 j - 5 potions of invisibility
 p - 5 potions of attraction
 q - a potion of lignification {unknown}
 r - 5 potions of heal wounds
 s - a potion of enlightenment {unknown}
 v - a potion of mutation
 A - 2 potions of resistance
 H - 2 potions of curing
 J - a potion of might
 M - a potion of magic {unknown}
Miscellaneous
 m - a lightning rod (4/4)
 u - a box of beasts


   Skills:
 - Level 11.3 Fighting
 - Level 13.2 Polearms
 - Level 2.1 Armour
 + Level 7.2 Dodging
 - Level 3.0 Shields
 - Level 10.2 Unarmed Combat
 - Level 23.0 Shapeshifting


You had 14 spell levels left.
You didn't know any spells.
Your spell library contained the following spells:

 Spells                   Type           Power      Damage    Failure   Level
 Foxfire                  Conj/Fire      0%         2x1d4     43%         1
 Slow                     Hex            0%         N/A       43%         1
 Summon Small Mammal      Summ           0%         N/A       43%         1
 Cigotuvi's Dreadful Rot  Necr/Pois/Air  0%         N/A       56%         2
 Call Canine Familiar     Summ           0%         N/A       80%         3
 Confusing Touch          Hex            0%         N/A       80%         3
 Ignite Poison            Fire/Tmut/Pois 0%         N/A       80%         3
 Sigil of Binding         Hex            0%         N/A       80%         3
 Summon Guardian Golem    Hex/Summ       0%         N/A       80%         3
 Vampiric Draining        Necr           0%         2d6       80%         3
 Anguish                  Hex/Necr       0%         N/A       99%         4
 Cause Fear               Hex            0%         N/A       99%         4
 Freezing Cloud           Conj/Ice/Air   0%         6-21      100%        5
 Plasma Beam              Fire/Air       0%         2x1d10    100%        6
 Starburst                Conj/Fire      0%         6d3       100%        6
 Enfeeble                 Hex            0%         N/A       100%        7


Dungeon Overview and Level Annotations

Branches:
Dungeon (12/15)            Temple (1/1) D:5            Lair (5/5) D:11
 Shoals (0/4) Lair:2       Spider (0/4) Lair:2        Slime (0/5) Lair:4
    Orc (2/2) D:12         Bailey (visited)
    Elf: Orc:2

Altars:
Ashenzari
Cheibriados
Dithmenos
Elyvilon
Fedhas
Gozag
Hepliaklqana
Kikubaaqudgha
Makhleb
Nemelex Xobeh
Okawaru
Qazlal
Ru
Sif Muna
Trog
Uskayaw
Vehumet
Wu Jian
Xom
Yredelemnul
Zin
The Shining One
Lugonu

Shops:
D:7 [   D:11 (   Orc:1 (   Orc:2 **   Lair:2 =

Portals:
Abyss: Lair:5
Ice
Cave: Orc:1

Annotations:
D:8 3 runed translucent doors, BeoghMyLove's ghost, novice DEVM


Innate Abilities, Weirdness & Mutations

You are a lightning-filled tempest!
Your electrical attacks strike out in all directions at once.
You are incredibly evasive.
Your insubstantial body is immune to petrification, constriction, and being set on fire You are flying.
Your armour is entirely melded.
You are incapable of wielding weapons or throwing items.
You are immune to poison.
((You are very nimble when in or above water. (Stealth+, EV+, Speed+++)))
((Your lower body shifts to a powerful aquatic tail in water.))


Message History

Your Dodging skill increases to level 7!
The orc knight roars a battlecry!
The orcs go into a battle-frenzy!
The orc sorcerer hits you but does no damage.
The two-headed ogre closely misses you.
The two-headed ogre hits you but does no damage.
The orc warrior completely misses you.
There is an open door, spattered with blood here.
Things that are here:
19 gold pieces; a +0 giant club; a +0 giant club The shock of your passage hits the orc knight!!!
The orc knight is heavily wounded.
The orc knight closely misses you. The orc sorcerer misses you.
The orc warrior completely misses you.
The two-headed ogre completely misses you. x2
You batter the orc knight!!
The orc knight is almost dead.
You batter the orc sorcerer!!
You kill the orc sorcerer!
You buffet the two-headed ogre!
The orc knight hits you but does no damage.
The orc sorcerer points at you and mumbles some strange words.
You suddenly lose the ability to move!
The orc warrior hits you from afar with a +0 trident!!
The orc knight hits you with a +0 war axe!
The orc sorcerer gestures wildly while chanting.
The two-headed ogre hits you with a +0 giant spiked club!!
The two-headed ogre completely misses you.
The orc warrior hits you with a +0 long sword!
The orc warrior is distracted by your dazzling golden aura.
The orc warrior shouts!
The orc knight hits you with a +0 war axe!
The two-headed ogre hits you with a +0 giant spiked club!!
* * * LOW HITPOINT WARNING * * *
The two-headed ogre hits you with a +0 giant club!
* * * LOW HITPOINT WARNING * * *
The orc warrior is no longer distracted by gold.
The orc knight hits you with a +0 war axe.
You die...
Your body crumbles into a pile of gold.

#.###+########....)...###..
#.#)....# #......####..)
#.')._..# #....######....
#.#.)...# #.#####.#......
#.###'#######. ##.........
#.. #......### ##..........
### ######'# #..#........
#.# ##.........# #v#
##.........


#oOoo.# #.....#..# #..o..# #.....#### #..4..# ##.....# ##$..## ##...## #$..#
##### ##.## #.# You could see an orc knight, a two-headed ogre, a hellwing
(summoned), an orc sorcerer (strong) and 2 orc warriors.

Vanquished Creatures
  A fire giant (D:12)
  3 hydras
  3 catoblepae
  A boulder beetle (Lair:5)
  8 two-headed ogres
  4 thrashing horrors (Lair:5)
  7 death yaks
  3 skysharks
  5 skeletal warriors (D:12)
  2 orc knights (Orc:2)
  5 cyclopes
  An orc sorcerer (Orc:2)
  2 ugly things (Lair:5)
  7 elephants
  A merfolk siren (Lair:2)
  2 kobold blastminers (Orc:2)
  4 black mambas
  3 gargoyles
  A smoke demon (Lair:5)
  8 cane toads
  A kobold demonologist (D:11)
  4 komodo dragons
  2 unseen horrors (D:12)
  8 rime drakes
  3 meliai (D:12)
  A queen bee (shapeshifter) (Lair:5)
  2 polar bears
  A troll (shapeshifter) (Lair:5)
  A troll (Orc:1)
  Grinder (D:3)
  17 blink frogs
  A hornet (Lair:3)
  3 raiju (Lair:5)
  3 shadows
  A slime creature (D:6)
  A jumping spider (Lair:2)
  2 spriggans
  3 vampires
  3 ynoxinuls (Lair:5)
  11 basilisks
  14 wyverns
  2 wraiths
  3 steam dragons
  39 yaks
  2 redbacks (Lair:2)
  A chaos spawn (Lair:5)
  A warg (Orc:2)
  12 small abominations (Lair:5)
  An acid dragon (D:11)
  15 water moccasins
  23 orc warriors
  2 sky beasts (D:6)
  2 black bears
  An ice beast (D:5)
  10 ogres
  16 wolves
  7 centaurs
  8 kobold brigands
  13 bullfrogs
  A gnoll sergeant (D:12)
  2 scorpions
  3 wights (D:6)
  13 killer bees
  6 vampire bats (Bailey)
  5 wolf zombies (Bailey)
  6 howler monkeys
  2 electric eels (Lair:5)
  3 hounds
  6 jellies
  19 orc priests
  A gnoll bouda (D:5)
  An iguana (shapeshifter) (Lair:5)
  Ijyb (D:3)
  Terence (D:3)
  7 iguanas
  22 orc wizards
  3 sleepcaps
  6 hell rats (Lair:4)
  Robin (D:2)
  8 gnolls
  15 adders
  13 orc zombies (Bailey)
  A white imp (D:6)
  3 ufetubi
  A worm (D:10)
  3 dart slugs
  84 orcs
  4 endoplasms (D:1)
  4 giant cockroaches
  19 goblins
  10 hobgoblins
  4 jackals (D:1)
  5 quokkas
  6 ball pythons
  3 bats
  A frilled lizard (D:3)
  14 kobolds
  21 rats (D:2)
640 creatures vanquished.

Vanquished Creatures (others)
  A howler monkey (D:9)
  An orc wizard (D:9)
2 creatures vanquished.

Grand Total: 642 creatures vanquished

Notes
Turn   | Place    | Note
-------+----------+-------------------------------------------
     0 | D:1      | Kearsarge the Merfolk Fighter began the quest for the Orb.
     0 | D:1      | Reached XP level 1. HP: 18/18 MP: 1/1
   130 | D:1      | Found a faded altar of an unknown god.
   160 | D:1      | Reached XP level 2. HP: 21/24 MP: 2/2
   534 | D:1      | Reached XP level 3. HP: 29/30 MP: 3/3
   702 | D:2      | Identified the +2 robe of Yredelemnul {rCorr Int-2 Dex-4
                  | Archmagi}
   986 | D:2      | Noticed Robin
  1019 | D:1      | Reached XP level 4. HP: 35/37 MP: 4/4
  1062 | D:2      | Killed Robin
  1063 | D:2      | Reached skill level 5 in Polearms
  1479 | D:3      | Noticed Ijyb
  1480 | D:3      | Found a hazy altar of Hepliaklqana.
  1490 | D:3      | Killed Ijyb
  1491 | D:3      | Reached XP level 5. HP: 43/43 MP: 5/5
  1990 | D:3      | Noticed Grinder
  2008 | D:3      | Paralysed by Grinder for 2 turns
  2016 | D:3      | Paralysed by Grinder for 5 turns
  2170 | D:3      | Killed Grinder
  2171 | D:3      | Reached skill level 5 in Fighting
  2171 | D:3      | Reached XP level 6. HP: 45/51 MP: 6/6
  2269 | D:3      | Noticed Terence
  2292 | D:3      | Killed Terence
  2293 | D:3      | Reached XP level 7. HP: 43/56 MP: 7/7
  2787 | D:4      | Identified the amulet of Pride {Spirit +Inv rN+ Dex+3
                  | Stlth-}
  2846 | D:4      | Identified the +1 robe of Puse {Harm}
  3294 | D:5      | Entered Level 5 of the Dungeon
  3486 | D:5      | Reached XP level 8. HP: 55/65 MP: 5/8
  3915 | D:5      | Found a staircase to the Ecumenical Temple.
  3945 | Temple   | Entered the Ecumenical Temple
  3955 | Temple   | Became a worshipper of Gozag Ym Sagoz the Greedy
  4051 | D:5      | Reached skill level 10 in Polearms
  4709 | D:6      | Found a shimmering blue altar of Sif Muna.
  4996 | D:6      | Reached XP level 9. HP: 74/74 MP: 9/9
  5176 | D:6      | Identified the +5 falchion "Gyptossum" {venom, +Blink rN+
                  | Str+5}
  5684 | D:6      | Upgraded the game from 0.31-a0-1164-geb876a3 to
                  | 0.31-a0-1168-gf5c68a8
  6108 | D:7      | Reached skill level 1 in Shapeshifting
  6145 | D:7      | Reached skill level 2 in Shapeshifting
  6167 | D:7      | Found a white marble altar of Elyvilon.
  6178 | D:7      | Found an ancient bone altar of Kikubaaqudgha.
  6340 | D:7      | Reached skill level 3 in Shapeshifting
  6475 | D:6      | Reached skill level 4 in Shapeshifting
  6644 | D:6      | Reached skill level 5 in Shapeshifting
  6813 | D:6      | Reached skill level 6 in Shapeshifting
  6909 | D:7      | Found Daacohov's Antique Armour Shop.
  6921 | D:7      | Bought a runed cloak for 187 gold pieces
  6932 | D:7      | Bought a glowing chain mail for 187 gold pieces
  6957 | D:7      | Reached skill level 7 in Shapeshifting
  6957 | D:7      | Reached XP level 10. HP: 78/82 MP: 10/10
  7218 | D:7      | Reached skill level 8 in Shapeshifting
  7266 | D:7      | Found a glowing silver altar of Zin.
  7475 | D:8      | Found a flagged portal.
  7497 | Bailey   | Entered a bailey
  7661 | Bailey   | Noticed a gargoyle
  7664 | Bailey   | Killed a gargoyle
  7665 | Bailey   | Reached skill level 9 in Shapeshifting
  7724 | Bailey   | Identified the +0 hat "Radghitue" {Int+3}
  7730 | Bailey   | Identified the +5 dagger of Gallantry {spect, Dex+4}
  7772 | Bailey   | Reached skill level 10 in Shapeshifting
  7864 | Bailey   | Identified the +0 giant spiked club "Eqinu Jeps" {heavy,
                  | rPois rF+ Dex-3}
  8383 | D:8      | Reached skill level 11 in Shapeshifting
  8766 | D:8      | Found a glowing golden altar of the Shining One.
  8906 | D:8      | Found a runed translucent gate.
  8906 | D:8      | Found a runed translucent gate.
  8906 | D:8      | Noticed a ten-headed hydra
  8906 | D:8      | Noticed BeoghMyLove's ghost (novice DEVM)
  8909 | D:8      | Found a runed translucent gate.
  9041 | D:9      | Noticed a two-headed ogre
  9052 | D:9      | Killed a two-headed ogre
  9053 | D:9      | Reached skill level 12 in Shapeshifting
  9377 | D:9      | Reached XP level 11. HP: 85/87 MP: 11/11
  9790 | D:10     | Entered Level 10 of the Dungeon
  9812 | D:10     | Reached skill level 13 in Shapeshifting
 10116 | D:10     | Found a snail-covered altar of Cheibriados.
 10331 | D:10     | Identified the +6 spear of Impeachment {elec, *Rage rElec
                  | rPois Int+3}
 10662 | D:10     | Found an ornate altar of the Wu Jian Council.
 10884 | D:11     | Reached skill level 14 in Shapeshifting
 11035 | D:11     | Noticed a cyclops
 11044 | D:11     | Killed a cyclops
 11126 | D:11     | Noticed a cyclops
 11135 | D:11     | Killed a cyclops
 11136 | D:11     | Reached skill level 15 in Shapeshifting
 11240 | D:11     | Noticed a sun demon
 11559 | D:11     | Found a staircase to the Lair.
 11709 | D:12     | Noticed a two-headed ogre
 11711 | D:12     | Noticed a two-headed ogre
 11723 | D:12     | Noticed a two-headed ogre
 11724 | D:12     | Noticed a cyclops
 11725 | D:12     | Noticed a cyclops
 11726 | D:12     | Noticed a fire giant
 11751 | D:12     | Noticed a two-headed ogre
 11764 | D:12     | Killed a two-headed ogre
 11853 | Lair:1   | Entered Level 1 of the Lair of Beasts
 11883 | Lair:1   | Reached skill level 16 in Shapeshifting
 12073 | Lair:1   | Reached XP level 12. HP: 94/94 MP: 12/12
 12087 | Lair:1   | Reached skill level 17 in Shapeshifting
 12180 | Lair:1   | Found a broken altar of Ashenzari.
 12768 | Lair:1   | Reached skill level 18 in Shapeshifting
 12806 | Lair:1   | Found the +8 whip "Snakebite" {venom, curare, rPois}
 13172 | Lair:2   | Noticed a catoblepas
 13191 | Lair:2   | Killed a catoblepas
 13192 | Lair:2   | Reached skill level 19 in Shapeshifting
 13654 | Lair:2   | Found a staircase to the Shoals.
 13846 | Lair:2   | Found a hole to the Spider Nest.
 14025 | Lair:3   | Reached skill level 20 in Shapeshifting
 14074 | Lair:2   | Reached XP level 13. HP: 82/99 MP: 13/13
 15139 | Lair:4   | Reached skill level 21 in Shapeshifting
 15179 | Lair:4   | Found a staircase to the Slime Pits.
 15410 | Lair:4   | Reached skill level 22 in Shapeshifting
 15609 | Lair:4   | Identified a scroll of acquirement
 15609 | Lair:4   | Acquired 885 gold pieces
 15646 | Lair:4   | Found the +6 lightning scales {swift, rElec}
 16800 | Lair:4   | Reached skill level 23 in Shapeshifting
 16991 | Lair:5   | Entered Level 5 of the Lair of Beasts
 17008 | Lair:5   | Reached skill level 1 in Unarmed Combat
 17075 | Lair:5   | Reached XP level 14. HP: 106/106 MP: 14/14
 17730 | Lair:5   | Reached skill level 5 in Unarmed Combat
 17869 | Lair:5   | Reached skill level 10 in Fighting
 17956 | Lair:5   | Found a corrupted altar of Lugonu.
 17956 | Lair:5   | Found a one-way gate to the infinite horrors of the Abyss.
 17968 | Lair:5   | Identified the +3 sling of the End of Times {heavy, rPois
                  | Will+ rCorr}
 18529 | D:12     | Killed a fire giant
 19279 | D:12     | Found a staircase to the Orcish Mines.
 19472 | D:12     | Reached skill level 10 in Unarmed Combat
 19472 | D:12     | Reached XP level 15. HP: 100/119 MP: 11/15
 19686 | Orc:1    | Entered Level 1 of the Orcish Mines
 19712 | Orc:1    | Reached skill level 1 in Dodging
 19743 | Orc:1    | Found Coduir's Weapon Emporium.
 19838 | Orc:1    | Found a frozen archway.
 20013 | Orc:2    | Entered Level 2 of the Orcish Mines
 20229 | Orc:2    | Reached skill level 5 in Dodging
 20379 | Orc:2    | Found Deetefuso's General Store.
 20401 | Orc:2    | Found Yficzix's General Store.
 20416 | Orc:2    | Bought a scroll of revelation for 135 gold pieces
 20587 | Orc:2    | Paralysed by an orc sorcerer for 5 turns
 20589 | Orc:2    | HP: 4/119 [two-headed ogre/+0 giant spiked club (12)]
 20590 | Orc:2    | Slain by an orc knight

Illustrated notes

Levels and vault maps discovered:
D:1:      scummos_arrival_forest, layout_loops_ring,
          chequers_ecumenical_altar_simple_redux
D:2:      layout_basic, minmay_rat_hole, uniq_robin
D:3:      layout_basic, lemuel_crystal_altar, dreamdust_mushroom_princess,
          eino_tiny_chamber, uniq_grinder, uniq_ijyb, uniq_terence
D:4:      nicolae_cairo_tiling, layout_basic, kennysheep_path_1,
          minmay_misc_feat_secret_circle
D:5:      layout_loops_corners, minmay_temple_entry_fiery, corner_web_ring
D:6:      layout_basic, nicolae_sif_muna_condensation, minmay_alternating_orb
D:7:      layout_basic, zin_treasury, mainiacjoe_overflow_large_starburst,
          serial_shops, nicolae_shop_trees, kennysheep_doodads
D:8:      layout_cave_pools, lemuel_doored_altar, gammafunk_ghost_hydra_chop,
          enter_bailey_4
D:9:      layout_loops_ring, dk_rats_in_the_wall
D:10:     layout_layer_cave, cheibrodos_worm_habitat, nzn_wu_jian_contemplation,
          serial_rivers, chequers_serial_rivers_micro_b,
          chequers_serial_rivers_micro_a, chequers_serial_rivers_micro_a,
          chequers_serial_rivers_small_a, fungi_pond_lemuel, hive_lemuel
D:11:     layout_gridville, lair_entry_dummy
D:12:     cheibrodos_monumental, layout_irregular_city, orc_0_dummy,
          minmay_door_square, laboratory
Temple:   nicolae_temple_great_sept
Lair:1:   minmay_guarded_unrand_snakebite, layout_misc_corridors, basic_altar,
          grunt_megastairs_1, infiniplex_staircase_pool_2, serial_bayou_shore_b
Lair:2:   layout_big_grid, elwin_shoals_entry_rooms, spider_nest_entry_a,
          lemuel_fruit_fields
Lair:3:   layout_cave_pods, small_statue_intersection,
          grunt_forest_stairs_clearing, grunt_megastairs_4
Lair:4:   layout_roguey [special_room_mythical_zoo],
          nicolae_slime_entry_field_trip, serial_bayou_shore_b
Lair:5:   hellmonk_lair_end_abyssal_woods, layout_loops_ring,
          nicolae_lair_yak_garden, serial_bayou_shore_a
Orc:1:    layout_diamond_mine, serial_shops, nicolae_shop_window_shopping,
          portal_ice_cave_rime
Orc:2:    pubby_orc_utopia, uniq_nessos

Skill      XL: |  1  2  3  4  5  6  7  8  9 10 11 12 13 14 15 |
---------------+----------------------------------------------+-----
Polearms       | 3 4 5 7 8 9 12 13 | 13.2
Fighting       | 4 5 6 7 8 11 | 11.3
Shapeshifting  | 7 12 16 20 23 | 23.0
Unarmed Combat | 1 10 | 10.2
Dodging        | 7 |  7.2
Armour         | |  2.1
Shields        | |  3.0

Action                     |  1- 3 |  4- 6 |  7- 9 | 10-12 | 13-15 || total
---------------------------+-------+-------+-------+-------+-------++-------
  Melee: Trident           |   111 |   177 |   494 |   438 |       ||  1220
         Tailslap          |       |       |       |     8 |       ||     8
         Spear             |       |       |       |   491 |   379 ||   870
         Unarmed           |       |       |       |       |   348 ||   348
         Punch             |       |       |       |       |    20 ||    20
 Invoke: Call Merchant     |       |       |       |     2 |       ||     2
Ability: Blinkbolt         |       |       |       |       |    20 ||    20
  Evoke: Wand              |       |     2 |     6 |     9 |       ||    17
         Lightning rod     |       |       |       |     2 |     6 ||     8
    Use: Potion            |       |     4 |       |     3 |     4 ||    11
         Scroll            |       |       |    11 |     9 |     4 ||    24
   Stab: Distracted        |       |       |     3 |     7 |     5 ||    15
         Petrified         |       |       |       |     4 |       ||     4
 Armour: Scale mail        |    59 |   104 |       |       |       ||   163
         Chain mail        |       |    29 |   262 |   519 |   239 ||  1049
         Skin              |       |       |       |       |   121 ||   121
  Dodge: Dodged            |    34 |    63 |   116 |   190 |   484 ||   887
  Block: Buckler           |    24 |    34 |    65 |   115 |    43 ||   281
   Form: Storm             |       |       |       |     1 |     2 ||     3
                           |       |       |       |     1 |     1 ||     2

Table legend: (Time is in decaauts)
 A = Elapsed time spent in this place.
 B = Non-inter-level travel time spent in this place.
 C = Inter-level travel time spent in this place.
 D = Time resting spent in this place.
 E = Time spent auto-exploring this place.
 F = Levels seen in this place.
 G = Mean time per level.
                   A        B        C        D        E       F      G
               +--------+--------+--------+--------+--------+-----+--------+
         Total |  20222 |  19307 |    915 |   2518 |  13116 |  21 |  963.0 |
       Dungeon |  12359 |  11704 |    655 |   1473 |   8011 |  12 | 1029.9 |
        Temple |     20 |      2 |     18 |      0 |      0 |   1 |   20.0 |
          Lair |   6571 |   6362 |    209 |   1045 |   4256 |   5 | 1314.2 |
  Orcish Mines |    881 |    849 |     32 |      0 |    632 |   2 |  440.5 |
        Bailey |    389 |    389 |      0 |      0 |    217 |   1 |  389.0 |
               +--------+--------+--------+--------+--------+-----+--------+

Top non-repeatable levels by time:
  Lair:4: 1805 daAuts
     D:6: 1620 daAuts
  Lair:5: 1456 daAuts
     D:5: 1405 daAuts
    D:12: 1294 daAuts
  Lair:3: 1168 daAuts
  Lair:2: 1092 daAuts
     D:2: 1057 daAuts
  Lair:1: 1049 daAuts
     D:8: 1044 daAuts
    D:11: 994 daAuts
    D:10: 936 daAuts
     D:7: 935 daAuts
     D:9: 816 daAuts
     D:4: 801 daAuts
